[ PARTIDA AOE2 · #494827789 ]
UnrankedBengalíes vs Wei
Equipo del jugador · VICT
Equipo rival · DERR
[ ANÁLISIS DE REPETICIÓN · EXTRAÍDO DE LA PARTIDA GRABADA ]
Feudal
10:08
Castillos
15:12
Imperial
34:39
| APM promedio | 100.7 |
| APM pico | 197 |
| eAPM promedio | 65.6 |
| Aldeanos / militares | 121 / 189 |
Foco
⚔️ 54.2% · 🌾 45.8%
Spearman ×84 · Archer ×58 · Monk ×32 · Armored Elephant ×7 · Ratha (Ranged) ×4 · Trebuchet (Packed) ×4
Feudal
8:36
Castillos
25:20
Imperial
40:34
| APM promedio | 55.2 |
| APM pico | 89 |
| eAPM promedio | 34.1 |
| Aldeanos / militares | 97 / 77 |
Foco
⚔️ 58.7% · 🌾 41.3%
Scout Cavalry ×72 · Unknown (1952) ×53 · Unknown (1944) ×21 · Monk ×5
Mapa de la partida
Recursos iniciales + cada clic de construcción. Líneas = muros · curvas = relieve. ◆ oro · ⬟ piedra · ● bayas · ✦ reliquia · ◌ hueco del cierre
Tu base· ✓ Cerrada en 15:12 · 6t muro · 2 puerta(s)
Base de DemonSheep· ✓ Cerrada en 25:20 · 14t muro · 2 puerta(s)
Terreno inicial suavizado · ◌ = hueco del cierre detectado · pasá el cursor para detalles
Inputs por minuto
— Fukoti - - DemonSheep
Build order — Fukoti
Primeras 150 de 506 acciones detectadas
| 0:00 | Encolar | Villager (Male) |
| 0:02 | Construir | Barracks |
| 0:03 | Construir | House |
| 0:05 | Construir | House |
| 0:05 | Encolar | Villager (Male) |
| 0:06 | Encolar | Villager (Male) |
| 0:07 | Encolar | Villager (Male) |
| 1:12 | Encolar | Villager (Male) |
| 1:41 | Encolar | Villager (Male) |
| 1:41 | Encolar | Villager (Male) |
| 2:02 | Construir | Lumber Camp |
| 2:06 | Encolar | Villager (Male) |
| 2:33 | Encolar | Villager (Male) |
| 2:33 | Encolar | Villager (Male) |
| 3:03 | Encolar | Villager (Male) |
| 3:31 | Encolar | Villager (Male) |
| 3:32 | Encolar | Villager (Male) |
| 3:45 | Encolar | Villager (Male) |
| 3:52 | Construir | House |
| 4:08 | Encolar | Villager (Male) |
| 4:08 | Encolar | Villager (Male) |
| 4:16 | Construir | Mill |
| 4:24 | Encolar | Villager (Male) |
| 5:05 | Encolar | Villager (Male) |
| 5:34 | Encolar | Villager (Male) |
| 5:35 | Encolar | Villager (Male) |
| 5:39 | Construir | House |
| 6:29 | Encolar | Villager (Male) |
| 6:56 | Encolar | Villager (Male) |
| 7:12 | Construir | Mining Camp |
| 7:30 | Encolar | Villager (Male) |
| 7:56 | Investigar | Feudal Age |
| 7:56 | Investigar | Feudal Age |
| 8:23 | Construir | House |
| 8:34 | Encolar | Villager (Male) |
| 8:34 | Encolar | Villager (Male) |
| 9:10 | Construir | House |
| 9:25 | Investigar | Loom |
| 9:25 | Investigar | Loom |
| 9:26 | Encolar | Villager (Male) |
| 9:26 | Encolar | Villager (Male) |
| 10:08 | Edad | Edad Feudal |
| 10:10 | Construir | Market |
| 10:11 | Construir | Blacksmith |
| 10:29 | Construir | Farm |
| 10:59 | Construir | Stone Wall |
| 11:16 | Construir | Farm |
| 11:17 | Encolar | Villager (Male) |
| 11:19 | Construir | House |
| 11:22 | Construir | Farm |
| 12:02 | Construir | Farm |
| 12:07 | Encolar | Villager (Male) |
| 12:23 | Construir | House |
| 12:25 | Investigar | Castle Age |
| 12:25 | Investigar | Castle Age |
| 12:33 | Construir | House |
| 12:51 | Construir | House |
| 13:12 | Investigar | Double-Bit Axe |
| 13:13 | Investigar | Double-Bit Axe |
| 13:18 | Construir | Palisade Wall |
| 13:19 | Construir | Palisade Wall |
| 13:21 | Construir | Palisade Wall |
| 13:22 | Construir | Palisade Wall |
| 13:23 | Construir | Palisade Wall |
| 14:13 | Construir | House |
| 14:51 | Encolar | Villager (Male) |
| 14:51 | Encolar | Villager (Male) |
| 14:59 | Construir | Farm |
| 15:01 | Construir | Farm |
| 15:08 | Construir | Farm |
| 15:12 | Edad | Edad de los Castillos |
| 15:14 | Construir | Siege Workshop |
| 15:17 | Construir | House |
| 15:19 | Encolar | Villager (Male) |
| 15:23 | Construir | Monastery |
| 15:38 | Encolar | Villager (Male) |
| 15:46 | Construir | Lumber Camp |
| 15:49 | Encolar | Armored Elephant |
| 16:12 | Construir | House |
| 16:14 | Encolar | Monk |
| 16:15 | Encolar | Monk |
| 16:15 | Encolar | Monk |
| 16:17 | Construir | Farm |
| 16:39 | Construir | House |
| 16:41 | Encolar | Villager (Male) |
| 16:51 | Encolar | Armored Elephant |
| 16:55 | Construir | Farm |
| 17:01 | Encolar | Monk |
| 17:06 | Construir | Monastery |
| 17:22 | Encolar | Monk |
| 17:26 | Encolar | Villager (Male) |
| 17:28 | Investigar | Herbal Medicine |
| 17:28 | Investigar | Herbal Medicine |
| 17:34 | Construir | House |
| 17:40 | Construir | House |
| 18:02 | Encolar | Monk |
| 18:04 | Construir | Farm |
| 18:18 | Encolar | Monk |
| 18:24 | Construir | House |
| 18:27 | Encolar | Villager (Male) |
| 18:29 | Encolar | Armored Elephant |
| 18:29 | Encolar | Armored Elephant |
| 18:34 | Construir | House |
| 18:44 | Encolar | Monk |
| 18:44 | Investigar | Herbal Medicine |
| 18:49 | Construir | Farm |
| 18:49 | Construir | Farm |
| 18:49 | Construir | Farm |
| 19:01 | Encolar | Villager (Male) |
| 19:03 | Construir | House |
| 19:05 | Construir | Farm |
| 19:05 | Encolar | Villager (Male) |
| 19:12 | Investigar | Sanctity |
| 19:12 | Investigar | Sanctity |
| 20:07 | Encolar | Monk |
| 20:10 | Encolar | Monk |
| 20:26 | Encolar | Monk |
| 20:26 | Encolar | Villager (Male) |
| 20:28 | Encolar | Villager (Male) |
| 20:42 | Construir | Farm |
| 20:43 | Construir | Farm |
| 20:43 | Construir | Farm |
| 20:43 | Construir | Farm |
| 20:43 | Encolar | Villager (Male) |
| 20:44 | Encolar | Villager (Male) |
| 20:46 | Encolar | Armored Elephant |
| 21:08 | Encolar | Villager (Male) |
| 21:11 | Construir | Farm |
| 21:12 | Construir | Mining Camp |
| 21:23 | Encolar | Monk |
| 21:24 | Encolar | Villager (Male) |
| 21:27 | Construir | House |
| 21:27 | Construir | House |
| 21:28 | Encolar | Villager (Male) |
| 21:51 | Encolar | Villager (Male) |
| 21:53 | Encolar | Villager (Male) |
| 21:55 | Construir | House |
| 22:02 | Encolar | Monk |
| 22:03 | Encolar | Villager (Male) |
| 22:05 | Investigar | Horse Collar |
| 22:05 | Investigar | Horse Collar |
| 22:06 | Investigar | Horse Collar |
| 22:06 | Investigar | Bow Saw |
| 22:06 | Investigar | Bow Saw |
| 22:08 | Encolar | Monk |
| 22:19 | Encolar | Villager (Male) |
| 22:20 | Construir | Farm |
| 22:21 | Encolar | Villager (Male) |
| 22:23 | Investigar | Wheelbarrow |
| 22:24 | Investigar | Wheelbarrow |
Build order — DemonSheep
Primeras 150 de 373 acciones detectadas
| 0:01 | Encolar | Villager (Male) |
| 0:02 | Construir | House |
| 0:03 | Construir | House |
| 0:07 | Encolar | Villager (Male) ×3 |
| 1:24 | Encolar | Villager (Male) |
| 2:01 | Encolar | Villager (Male) |
| 2:01 | Encolar | Villager (Male) |
| 2:02 | Encolar | Villager (Male) |
| 2:24 | Construir | Lumber Camp |
| 2:29 | Encolar | Villager (Male) |
| 2:29 | Encolar | Villager (Male) |
| 3:12 | Encolar | Villager (Male) |
| 3:13 | Encolar | Villager (Male) |
| 3:25 | Construir | House |
| 3:28 | Encolar | Villager (Male) |
| 3:40 | Construir | Palisade Wall |
| 3:42 | Construir | Palisade Wall |
| 3:43 | Construir | Palisade Wall |
| 3:45 | Construir | Palisade Wall |
| 3:51 | Construir | Palisade Wall |
| 3:52 | Construir | Palisade Wall |
| 3:58 | Construir | Palisade Wall |
| 3:59 | Construir | Palisade Wall |
| 4:02 | Construir | Palisade Wall |
| 4:03 | Construir | Palisade Wall |
| 4:04 | Construir | Palisade Wall |
| 4:08 | Construir | Palisade Wall |
| 4:11 | Construir | Palisade Wall |
| 4:14 | Construir | Palisade Wall |
| 4:34 | Encolar | Villager (Male) |
| 4:34 | Encolar | Villager (Male) |
| 5:06 | Encolar | Villager (Male) |
| 5:23 | Construir | Mill |
| 5:49 | Encolar | Villager (Male) |
| 6:26 | Investigar | Feudal Age |
| 6:26 | Investigar | Feudal Age |
| 6:53 | Construir | House |
| 7:03 | Encolar | Villager (Male) |
| 7:14 | Construir | Mining Camp |
| 7:29 | Investigar | Loom |
| 7:29 | Investigar | Loom |
| 8:36 | Edad | Edad Feudal |
| 8:38 | Investigar | Double-Bit Axe |
| 8:38 | Investigar | Horse Collar |
| 8:45 | Construir | Watch Tower |
| 8:57 | Construir | Watch Tower |
| 9:11 | Construir | House |
| 9:11 | Construir | House |
| 9:23 | Encolar | Villager (Male) |
| 9:53 | Encolar | Villager (Male) |
| 9:54 | Encolar | Villager (Male) |
| 10:11 | Encolar | Villager (Male) |
| 10:11 | Encolar | Villager (Male) |
| 10:41 | Encolar | Villager (Male) |
| 10:41 | Encolar | Villager (Male) |
| 11:08 | Encolar | Villager (Male) |
| 11:25 | Construir | Market |
| 11:34 | Encolar | Villager (Male) |
| 12:01 | Investigar | Town Watch |
| 12:04 | Construir | Farm |
| 12:05 | Construir | Farm |
| 12:06 | Construir | Farm |
| 12:18 | Encolar | Villager (Male) |
| 12:21 | Construir | Farm |
| 12:22 | Construir | Farm |
| 12:31 | Construir | House |
| 12:31 | Construir | House |
| 12:38 | Encolar | Villager (Male) |
| 13:00 | Construir | Watch Tower |
| 13:03 | Encolar | Villager (Male) |
| 13:18 | Encolar | Villager (Male) |
| 13:36 | Encolar | Villager (Male) |
| 14:01 | Construir | Farm |
| 14:02 | Construir | Farm |
| 14:22 | Investigar | Wheelbarrow |
| 14:29 | Construir | Mining Camp |
| 14:33 | Construir | Farm |
| 14:34 | Construir | Farm |
| 14:51 | Encolar | Villager (Male) |
| 15:02 | Construir | Blacksmith |
| 15:22 | Construir | Watch Tower |
| 15:38 | Encolar | Villager (Male) |
| 15:56 | Investigar | Fletching |
| 16:11 | Construir | Barracks |
| 16:12 | Encolar | Villager (Male) |
| 16:35 | Encolar | Villager (Male) |
| 17:07 | Construir | Stable |
| 17:12 | Construir | House |
| 17:13 | Construir | House |
| 17:22 | Encolar | Villager (Male) |
| 17:58 | Encolar | Scout Cavalry |
| 17:58 | Encolar | Scout Cavalry |
| 18:01 | Encolar | Villager (Male) |
| 18:27 | Encolar | Villager (Male) |
| 18:27 | Encolar | Scout Cavalry |
| 18:29 | Investigar | Forging |
| 18:45 | Construir | Farm |
| 18:47 | Construir | Farm |
| 18:47 | Construir | Farm |
| 18:52 | Construir | Farm |
| 18:52 | Construir | Farm |
| 19:00 | Encolar | Scout Cavalry |
| 19:01 | Encolar | Villager (Male) |
| 19:04 | Construir | House |
| 19:05 | Construir | House |
| 19:08 | Encolar | Villager (Male) |
| 19:10 | Construir | Farm |
| 20:08 | Encolar | Villager (Male) |
| 20:13 | Encolar | Scout Cavalry |
| 20:43 | Encolar | Scout Cavalry |
| 20:48 | Construir | Stable |
| 21:01 | Construir | Outpost |
| 21:08 | Encolar | Scout Cavalry |
| 21:10 | Encolar | Villager (Male) |
| 21:13 | Construir | Farm |
| 21:14 | Construir | Farm |
| 21:16 | Construir | Farm |
| 21:22 | Construir | Farm |
| 21:23 | Construir | Farm |
| 21:31 | Encolar | Scout Cavalry |
| 21:31 | Encolar | Scout Cavalry |
| 21:40 | Construir | Outpost |
| 21:46 | Encolar | Scout Cavalry |
| 21:46 | Encolar | Scout Cavalry |
| 22:04 | Encolar | Scout Cavalry |
| 22:04 | Encolar | Scout Cavalry |
| 22:09 | Construir | Outpost |
| 22:13 | Encolar | Villager (Male) |
| 22:14 | Encolar | Villager (Male) |
| 22:14 | Encolar | Villager (Male) |
| 22:40 | Investigar | Castle Age |
| 23:08 | Encolar | Scout Cavalry |
| 23:09 | Encolar | Scout Cavalry |
| 23:17 | Encolar | Scout Cavalry |
| 23:17 | Encolar | Scout Cavalry |
| 23:33 | Construir | Farm |
| 23:34 | Construir | Farm |
| 23:35 | Investigar | Gold Mining |
| 23:35 | Investigar | Gold Mining |
| 23:38 | Construir | Farm |
| 23:39 | Construir | Farm |
| 23:41 | Construir | Farm |
| 23:42 | Encolar | Scout Cavalry |
| 23:42 | Encolar | Scout Cavalry |
| 23:50 | Encolar | Scout Cavalry |
| 24:25 | Construir | Stable |
| 24:25 | Encolar | Scout Cavalry |
| 24:25 | Encolar | Scout Cavalry |
| 24:53 | Encolar | Scout Cavalry |
| 25:00 | Encolar | Villager (Male) |
Cronología de la partida
| 0:02 | Fukoti · first_building Barracks |
| 3:40 | DemonSheep · wall_segment Palisade Wall x1 |
| 3:42 | DemonSheep · wall_segment Palisade Wall x1 |
| 3:43 | DemonSheep · wall_segment Palisade Wall x1 |
| 3:45 | DemonSheep · wall_segment Palisade Wall x1 |
| 3:51 | DemonSheep · wall_segment Palisade Wall x1 |
| 3:52 | DemonSheep · wall_segment Palisade Wall x1 |
| 3:58 | DemonSheep · wall_segment Palisade Wall x1 |
| 3:59 | DemonSheep · wall_segment Palisade Wall x1 |
| 4:02 | DemonSheep · wall_segment Palisade Wall x1 |
| 4:03 | DemonSheep · wall_segment Palisade Wall x1 |
| 4:04 | DemonSheep · wall_segment Palisade Wall x1 |
| 4:08 | DemonSheep · wall_segment Palisade Wall x1 |
| 4:11 | DemonSheep · wall_segment Palisade Wall x1 |
| 4:14 | DemonSheep · wall_segment Palisade Wall x1 |
| 8:36 | DemonSheep · age_up feudal |
| 10:08 | Fukoti · age_up feudal |
| 10:59 | Fukoti · wall_segment Stone Wall x1 |
| 13:18 | Fukoti · wall_segment Palisade Wall x1 |
| 13:19 | Fukoti · wall_segment Palisade Wall x1 |
| 13:21 | Fukoti · wall_segment Palisade Wall x1 |
| 13:22 | Fukoti · wall_segment Palisade Wall x1 |
| 13:23 | Fukoti · wall_segment Palisade Wall x1 |
| 15:12 | Fukoti · age_up castle |
| 15:14 | Fukoti · first_building Siege Workshop |
| 15:22 | Fukoti · first_market_buy 100 wood |
| 15:23 | Fukoti · first_building Monastery |
| 16:11 | DemonSheep · first_building Barracks |
| 16:49 | Fukoti · first_market_sell 100 stone |
| 17:07 | DemonSheep · first_building Stable |
| 22:36 | DemonSheep · first_market_buy 100 food |
| 25:20 | DemonSheep · age_up castle |
| 27:20 | DemonSheep · first_building Monastery |
| 30:49 | Fukoti · wall_segment Palisade Wall x1 |
| 30:50 | Fukoti · wall_segment Palisade Wall x1 |
| 30:51 | Fukoti · wall_segment Palisade Wall x1 |
| 31:09 | Fukoti · first_building Castle |
| 31:59 | DemonSheep · first_building Archery Range |
| 32:28 | Fukoti · first_building Archery Range |
| 34:39 | Fukoti · age_up imperial |
| 40:34 | DemonSheep · age_up imperial |
| 40:58 | Fukoti · first_building Stable |
| 42:47 | DemonSheep · resign |
[ ANÁLISIS IA · 1 CRÉDITO ]
¿Qué pasó realmente en esta partida?
Wolo.gg analiza cada decisión: build order, eco, micro, errores típicos por bracket. Análisis personalizado por WhatsApp o Discord en 30 segundos.
Guía civ
Bengalíes
Perfil
Jugador #262959